cohdb
Replays
Latest Replays
All Replays
Popular Replays
Top Player Replays
Match Explorer
How It Works
Community
CoH3 Stats
Reddit
Sign in to upload your games and track your stats! →
Sign in with Steam
Match 41236233
Unlisted
Match 41236233
Overview
Messages
Build Orders
End
Construct Section Command Post
Infantry Section
Dingo Light Scout Car
Infantry Section
Grenade Package
Infantry Section
Construct Platoon Command Post
Selects Canadian Shock Battlegroup
Selects Attacking Spirit
Selects Incendiary Munitions
Selects Canadian Shock Section
Humber Armored Car
Canadian Shock Section
6-pounder Anti-tank Gun Team
Construct Company Command Post
Infantry Training
Crusader II Medium Tank
Selects Pyrotechnics
6-pounder Anti-tank Gun Team
Selects Smoke Operation
Crusader II Medium Tank
Crusader II Medium Tank
Smoke Operation
Royal Engineer Section
Crusader II Medium Tank
Selects Churchill Crocodile Heavy Tank
Armored Vehicle Training
Royal Engineer Section
Smoke Operation
Churchill Crocodile Heavy Tank
Smoke Operation
Foot Guards Section
Foot Guards Section
Foot Guards Section
Smoke Operation
Smoke Operation
Shadeaux
1136234805
Dunkerque
NEP_wilson_NEP
0
0
Comments
sign in to comment!
No comments posted yet!